Map: Port Aleksander LE

Players

ShoWTimE - Winner!

  • Race: Protoss Protoss
  • League: Grandmaster
  • Spawn Location: 5:00

Zanster

  • Race: Zerg Zerg
  • Spawn Location: 11:00

Event: 2019 WCS Winter Europe

VOD

Have the link to the VOD?

Description

Time

  • Played on: Feb. 10, 2019, 11:16 a.m.
  • Length: 18:05

All games in this series

Show
View Real Time Build Order
Export as new Build Order

ShoWTimE Protoss - Winner!

Build Orders: 1 Gate Expand, Oracle Opening, Phoenix Opening, Mass Phoenix 

Get SALT Encoding   

  12  0:00  Probe  
  13  0:13  Probe  
  14  0:19  Pylon  
  14  0:25  Probe  
  15  0:33  Probe  
  15  0:41  Probe  
  16  0:43  Gateway  
  16  0:47  Assimilator  
  17  0:51  Probe  
  18  1:03  Probe  
  19  1:16  Probe  
  20  1:26  Nexus  
  20  1:37  Cybernetics Core  
  20  1:40  Probe  
  20  1:46  Assimilator  
  21  1:52  Probe  
  22  1:57  Pylon  
  22  2:05  Probe, Adept  
  23  2:17  Probe  
  23  2:19  Stargate  
  26  2:24  Warp Gate  
  26  2:27  Adept  
  26  2:29  Probe  
  27  2:34  Probe  
  29  2:41  Probe  
  29  2:43  Probe  
  32  2:52  Probe  
  32  2:53  Probe  
  32  2:55  Adept  
  36  2:59  Phoenix  
  36  3:04  Probe  
  37  3:09  Probe  
  40  3:16  Pylon  
  40  3:17  Probe  
  41  3:21  Probe  
  42  3:27  Oracle  
  42  3:29  Probe  
  46  3:34  Probe  
  46  3:37  Gateway  
  47  3:41  Assimilator  
  47  3:43  Probe  
  47  3:45  Assimilator  
  47  3:46  Probe  
  49  3:51  Probe  
  49  3:55  Pylon  
  50  3:56  Stargate  
  50  3:58  Probe  
  50  3:59  Probe  
  52  4:10  Probe x2, Pylon  
  52  4:13  Phoenix  
  56  4:21  Adept  
  56  4:22  Probe  
  56  4:23  Probe  
  60  4:32  Phoenix, Adept  
  64  4:38  Phoenix  
  66  4:52  Phoenix  
  66  4:53  Pylon  
  68  5:02  Phoenix  
  70  5:08  Pylon  
  68  5:17  Phoenix, Nexus  
  70  5:26  Phoenix  
  70  5:28  Probe x2  
  72  5:29  Shield Battery  
  72  5:33  Robotics Facility  
  72  5:37  Robotics Facility  
  72  5:39  Pylon  
  72  5:40  Probe x2  
  72  5:41  Sentry  
  76  5:46  Sentry  
  76  5:48  Shield Battery  
  78  5:52  Probe x2  
  80  6:03  Forge, Twilight Council  
  80  6:04  Probe x2  
  82  6:14  Stalker x2  
  82  6:15  Immortal  
  88  6:21  Gateway  
  88  6:22  Pylon  
  88  6:23  Immortal  
  94  6:42  Pylon  
  94  6:43  Stalker x2  
  98  6:47  Immortal  
  98  6:53  Charge  
  98  7:00  Immortal  
  102  7:04  Pylon  
  106  7:12  Pylon  
  106  7:26  Immortal  
  110  7:39  Pylon  
  110  7:50  Immortal  
  110  7:55  Zealot x2, Immortal  
  108  8:01  Zealot  
  108  8:05  Gateway  
  108  8:07  Pylon  
  101  8:17  Zealot x2  
  97  8:20  Immortal  
  97  8:23  Zealot  
  97  8:26  Probe x2  
  98  8:35  Immortal  
  98  8:39  Sentry x2, Shield Battery  
  101  8:50  Immortal  
  101  8:54  Pylon  
  101  8:55  Protoss Ground Weapons Level 1  
  101  8:58  Sentry  
  107  9:06  Pylon  
  107  9:14  Observer  
  108  9:18  Nexus  
  108  9:19  Pylon  
  108  9:30  Immortal  
  113  9:38  Probe x2  
  113  9:40  Templar Archives  
  113  9:43  Immortal  
  118  9:52  Pylon  
  118  10:00  Gateway  
  118  10:06  Pylon  
  118  10:08  Stalker  
  118  10:09  Pylon  
  118  10:10  Stalker  
  118  10:12  Psionic Storm  
  122  10:14  Warp Prism  
  122  10:16  Probe x2  
  122  10:18  Photon Cannon  
  122  10:19  Shield Battery  
  126  10:35  Probe  
  126  10:37  Probe  
  126  10:40  Probe  
  126  10:42  High Templar  
  131  10:45  High Templar  
  133  10:58  Protoss Ground Weapons Level 2  
  133  11:01  High Templar x2  
  137  11:06  Observer  
  137  11:07  Assimilator  
  137  11:08  Zealot  
  137  11:09  Assimilator  
  139  11:18  Gateway x2  
  139  11:22  Probe  
  140  11:31  Pylon  
  140  11:34  Zealot x2  
  140  11:35  Pylon  
  145  11:40  Observer  
  145  11:45  Probe  
  145  11:46  High Templar  
  148  11:50  Zealot x2  
  148  11:53  Observer  
  150  11:58  Zealot  
  150  11:59  Zealot  
  154  12:09  Pylon  
  154  12:10  Immortal  
  154  12:13  Zealot x3  
  154  12:14  Immortal  
  166  12:20  Zealot x2  
  154  12:25  Zealot x2  
  127  12:40  High Templar x4  
  132  12:44  Probe x3  
  132  12:46  Zealot  
  136  12:53  Zealot  
  138  13:02  Zealot  
  140  13:11  Zealot  
  142  13:16  Zealot x3  
  146  13:21  Zealot  
  148  13:28  Zealot x2  
  141  13:34  Zealot  
  141  13:40  Zealot x2  
  141  13:44  Zealot  
  135  13:51  High Templar x3  
  139  13:56  Sentry  
  139  14:06  Zealot x2  
  139  14:09  Sentry  
  141  14:30  High Templar  
  133  14:36  Shield Battery  
  125  14:38  Shield Battery  
  125  14:41  Shield Battery  
  125  14:56  Observer  
  123  15:02  Shield Battery  
  123  16:17  Pylon  
  123  16:18  Pylon  
  123  16:20  Pylon  
  123  16:22  Pylon  
  123  16:24  Pylon  
  121  16:47  Robotics Bay, Pylon  
  121  16:48  Pylon  
  121  16:58  Pylon  
Show
View Real Time Build Order
Export as new Build Order

Zanster Zerg 

Build Orders: Hatch First 

Get SALT Encoding   

  12  0:00  Drone  
  13  0:13  Overlord  
  13  0:18  Drone  
  14  0:32  Drone x2  
  16  0:49  Hatchery  
  15  0:52  Drone  
  15  0:56  Drone  
  17  0:59  Drone  
  18  1:10  Extractor  
  17  1:16  Spawning Pool  
  17  1:18  Drone  
  17  1:21  Drone  
  18  1:28  Drone  
  19  1:40  Drone  
  20  1:51  Drone  
  21  2:02  Overlord  
  21  2:03  Queen x2  
  21  2:04  Zergling x2  
  26  2:12  Metabolic Boost  
  26  2:14  Drone  
  27  2:15  Drone  
  28  2:23  Drone  
  28  2:24  Drone  
  30  2:33  Zergling x2  
  31  2:41  Hatchery  
  31  2:43  Drone  
  31  2:44  Drone  
  32  2:51  Queen  
  32  2:55  Overlord  
  32  2:58  Zergling x2  
  35  2:59  Zergling x2  
  35  3:05  Overlord  
  36  3:18  Drone x7  
  43  3:20  Drone  
  43  3:24  Drone  
  44  3:29  Queen  
  44  3:32  Overlord  
  46  3:39  Overlord  
  46  3:45  Spore Crawler  
  46  3:46  Spore Crawler, Overlord  
  44  3:52  Drone  
  44  3:55  Drone x3  
  48  3:59  Drone x2  
  48  4:02  Drone  
  51  4:04  Queen  
  51  4:08  Extractor  
  52  4:13  Zergling x4  
  52  4:14  Drone x4  
  58  4:17  Drone  
  58  4:18  Drone  
  58  4:21  Overlord  
  60  4:29  Drone x2  
  62  4:33  Drone  
  62  4:34  Roach Warren  
  62  4:36  Extractor, Drone  
  61  4:38  Overlord  
  61  4:39  Drone x2  
  61  4:41  Drone x2  
  61  4:44  Zergling x4  
  61  4:45  Zergling x2  
  67  4:46  Zergling x2  
  67  4:52  Overlord  
  68  4:57  Queen  
  68  4:59  Lair  
  70  5:04  Drone x4  
  70  5:06  Drone x2  
  75  5:11  Drone x2  
  75  5:12  Drone x2  
  77  5:14  Drone  
  77  5:15  Drone x2  
  77  5:19  Spore Crawler, Drone x2  
  81  5:23  Overlord  
  81  5:25  Drone  
  81  5:26  Drone x2  
  81  5:28  Drone  
  83  5:29  Extractor  
  83  5:31  Queen  
  83  5:33  Overlord  
  84  5:40  Drone  
  84  5:41  Overlord, Drone  
  85  5:47  Overlord  
  85  5:49  Drone x3  
  83  6:00  Nydus Network, Overseer  
  83  6:02  Overseer  
  83  6:03  Nydus Network, Roach  
  83  6:04  Roach x3  
  89  6:06  Zergling x6  
  89  6:09  Overlord  
  92  6:16  Zergling x16  
  97  6:21  Overlord  
  97  6:26  Overlord  
  97  6:28  Roach x3  
  97  6:29  Queen  
  103  6:35  Roach  
  103  6:39  Nydus Canal  
  105  6:41  Nydus Canal  
  105  6:43  Roach  
  105  6:45  Overlord  
  107  6:51  Overlord  
  107  6:54  Roach  
  107  6:55  Roach x2  
  107  7:00  Roach  
  107  7:01  Roach  
  117  7:06  Roach x2  
  117  7:07  Overlord  
  121  7:09  Queen x3  
  121  7:15  Evolution Chamber, Extractor  
  125  7:16  Extractor  
  118  7:23  Hatchery, Nydus Canal x2  
  118  7:25  Roach  
  118  7:28  Overlord  
  118  7:29  Drone x5  
  122  7:34  Roach  
  122  7:37  Roach  
  124  7:40  Roach  
  124  7:44  Queen  
  124  7:45  Roach x3, Queen  
  124  7:51  Roach x2  
  119  7:59  Roach x2, Zergling x2  
  119  8:02  Roach  
  119  8:04  Queen  
  120  8:07  Roach  
  120  8:10  Roach  
  116  8:16  Roach, Zergling x2  
  105  8:25  Roach x2  
  105  8:27  Roach  
  104  8:41  Roach x5  
  104  8:42  Zergling x14  
  104  8:43  Drone  
  118  8:49  Drone x3  
  118  8:54  Hydralisk Den  
  114  9:00  Drone  
  114  9:01  Drone x3  
  114  9:02  Drone  
  119  9:05  Overseer  
  119  9:08  Overlord  
  119  9:13  Drone x2  
  119  9:15  Drone x4  
  124  9:17  Spore Crawler  
  124  9:18  Spore Crawler, Overlord  
  122  9:29  Drone, Zerg Missile Weapons Level 1  
  122  9:30  Drone x5  
  122  9:31  Drone x2  
  124  9:33  Drone  
  125  9:44  Hydralisk x6  
  137  9:49  Grooved Spines  
  137  9:54  Hydralisk x4  
  145  10:00  Hydralisk  
  145  10:01  Hydralisk  
  145  10:03  Overlord  
  145  10:04  Hydralisk  
  151  10:09  Zergling x14  
  158  10:20  Hydralisk, Extractor  
  158  10:21  Zergling x12  
  160  10:22  Overlord  
  160  10:26  Overlord  
  160  10:28  Hydralisk  
  165  10:29  Overlord  
  165  10:30  Overlord  
  165  10:31  Overlord  
  167  10:41  Hydralisk x4  
  175  10:47  Glial Reconstitution  
  173  10:53  Hydralisk  
  173  10:54  Roach x6, Zergling x2  
  173  10:55  Zergling x2  
  185  11:01  Muscular Augments  
  185  11:02  Zergling x14  
  190  11:10  Hydralisk x2  
  194  11:14  Roach  
  194  11:15  Roach  
  194  11:17  Overseer  
  197  11:27  Zerg Missile Weapons Level 2  
  197  11:35  Extractor  
  197  11:37  Hatchery  
  195  11:42  Infestation Pit, Lurker Den  
  195  11:43  Zergling x14  
  196  12:10  Drone x2  
  196  12:12  Spore Crawler  
  180  12:18  Hydralisk x10  
  180  12:19  Zergling x6  
  190  12:25  Hatchery  
  161  12:30  Hydralisk x4  
  161  12:31  Zergling x2  
  161  12:32  Zergling x2  
  116  12:44  Drone  
  116  12:45  Drone x8  
  117  12:57  Hydralisk x3, Hive  
  123  13:08  Hydralisk x4  
  123  13:10  Nydus Canal  
  123  13:11  Nydus Canal  
  131  13:18  Hydralisk x3  
  137  13:21  Hydralisk x2  
  141  13:28  Nydus Canal x2  
  137  13:34  Hydralisk x2  
  137  13:35  Hydralisk x3  
  132  13:46  Hydralisk x2  
  132  13:47  Hydralisk x2  
  120  14:09  Nydus Canal x2  
  90  14:55  Hatchery  
  86  15:00  Hatchery  
  72  16:17  Drone  
  72  16:18  Drone  
  74  16:22  Hatchery, Spawning Pool  
  70  16:35  Overlord  
  70  16:36  Overlord x3  
  70  16:54  Drone x3  
  70  16:59  Overseer  
  73  17:03  Drone x2  
  75  17:21  Hydralisk  
  81  17:26  Hydralisk  
  82  17:39  Hydralisk x2  
  82  17:48  Roach Warren  
Tags
 
Add a new tag
Caveats
  • Supply blocks, unpowered buildings, or Contaminate may cause inaccurate times.
  • Supply counts are checked every 10 seconds.